 Dungeon Crawl Stone Soup version 0.28-a0-793-g31680bbd8b (webtiles) character file.

Game seed: 7050230882505968399

226 Gwenloh the Sneak (level 6, 0/32 HPs)
             Began as a Kobold Enchanter on Nov 3, 2021.
             Slain by an adder (1 damage)
             ... in a sewer.
             The game lasted 00:13:02 (3514 turns).

Gwenloh the Sneak (Kobold Enchanter)                Turns: 3514, Time: 00:13:03

Health: 0/32       AC:  2    Str:  5    XL:     6   Next: 21%
Magic:  3/11       EV: 16    Int: 19    God:
Gold:   154        SH:  0    Dex: 15    Spells: 0/11 levels left

rFire   . . .      SeeInvis .   a - +2 dagger
rCold   . . .      Faith    .   (shield restricted)
rNeg    . . .      Spirit   .   b - +0 robe
rPois   +          Reflect  .   (no helmet)
rElec   .          Harm     .   (no cloak)
rCorr   .          Rampage  .   (no gloves)
Will    .....                   (no boots)
Stlth   ++........              (no amulet)
HPRegen 0.10/turn               j - ring of poison resistance
MPRegen 0.12/turn               (no ring)

@: lethally poisoned (0 -> -4), confusing by touch, very slow
A: small, no large weapons, nightstalker 3
a: no special abilities


You were in a sewer.
You visited 1 branch of the dungeon, and saw 4 of its levels.
You also visited: Sewer.

You collected 154 gold pieces.

Inventory:

Hand Weapons
 a - a +2 dagger (weapon)
Armour
 b - a +0 robe (worn)
 f - a +0 leather armour
 l - a +0 pair of gloves
Jewellery
 j - a ring of poison resistance (left hand)
Scrolls
 g - a scroll of noise
 i - a scroll of summoning
 o - a scroll of enchant armour {unknown}
Potions
 d - a potion of heal wounds {unknown}
 h - 2 potions of haste {unknown}
 k - a potion of lignification {unknown}
 m - a potion of flight {unknown}


   Skills:
 - Level 1.3 Short Blades
 + Level 3.9 Dodging
 + Level 5.3 Stealth
 + Level 3.3 Spellcasting
 * Level 4.7 Hexes


You couldn't memorise any spells.
You knew the following spells:

 Your Spells              Type           Power      Damage    Failure   Level
a - Ensorcelled Hibernat  Hex/Ice        24%        N/A       9%          2
b - Confusing Touch       Hex            21%        N/A       6%          3
c - Tukima's Dance        Hex            21%        N/A       6%          3
d - Dazzling Flash        Conj/Hex       24%        N/A       17%         3

Your spell library contained the following spells:

 Spells                   Type           Power      Damage    Failure   Level
 Beastly Appendage        Tmut           6%         N/A       14%         1
 Wereblood                Tmut           3%         N/A       22%         2
 Spider Form              Tmut/Pois      3%         N/A       41%         3


Dungeon Overview and Level Annotations

Branches:
Dungeon (4/15)             Temple (0/1) D:4           Sewer (1/1)

Altars:
Dithmenos

Shops:
D:3 *


Innate Abilities, Weirdness & Mutations

You are small and have problems with some larger weapons.
You are completely attuned to the shadows.


Message History

The giant cockroach is heavily wounded.
The adder bites you. The giant cockroach closely misses you.
The ball python closely misses you. The ball python constricts you.
You hit the giant cockroach.
The giant cockroach is almost dead.
The giant cockroach closely misses you. The ball python completely misses you.
The ball python constricts you.
You closely miss the giant cockroach.
The giant cockroach is almost dead.
The ball python bites you but does no damage.
The ball python constricts you. The adder bites you.
You hit the adder but do no damage. The ball python bites you.
The ball python constricts you. The adder bites you.
You barely miss the adder. The ball python closely misses you.
The ball python constricts you. The ball python barely misses you.
The ball python constricts you.
The giant cockroach bites you but does no damage.
You escape the ball python's grasp.
You enter the shallow water.
Moving in this stuff is going to be slow.
The giant cockroach is no longer blind.
The adder is no longer blind.
The adder bites you but does no damage. The giant cockroach closely misses you.
The adder bites you.
* * * LOW HITPOINT WARNING * * *
The giant cockroach misses you.
Casting: Dazzling Flash (quite dangerous; 17% risk of failure)
Confirm with . or Enter, or press ? or * to list all spells.
Your hands begin to glow red.
The adder bites you.
* * * LOW HITPOINT WARNING * * *
You are lethally poisoned!
The adder poisons you! The ball python completely misses you.
The ball python misses you. The giant cockroach misses you.
Casting: Confusing Touch (dangerous; 6% risk of failure)
Confirm with . or Enter, or press ? or * to list all spells.
Your hands begin to glow brighter.
* * * LOW HITPOINT WARNING * * *
You feel sick. The adder completely misses you.
The ball python closely misses you. The ball python barely misses you.
The giant cockroach splashes around in the water.
The adder bites you.
You die...

#########
###≈≈≈≈≈≈≈###
##..≈≈.≈SB≈≈.#
#####≈≈.≈≈≈≈≈@S≈.≈
##∩##≈≈≈≈≈#####≈≈≈≈
#≈.#≈≈≈≈### ##≈.
##.≈#≈≈≈## ≈
#..##≈≈## #∩.#†≈≈#
#.≈#†≈## ##.##..#
#.≈#≈†.#


You could see an adder, a giant cockroach and a ball python.

Vanquished Creatures
  A scorpion (D:3)
  An orc wizard (D:3)
  4 gnolls (D:3)
  4 adders
  A worm (D:4)
  A dart slug (D:2)
  2 orcs (D:3)
  4 bats
  8 endoplasms
  8 giant cockroaches
  3 goblins
  3 hobgoblins
  4 quokkas
  7 ball pythons
  7 frilled lizards
  5 kobolds
  6 rats
69 creatures vanquished.

Vanquished Creatures (others)
  4 plants (D:3)
4 creatures vanquished.

Grand Total: 73 creatures vanquished

Notes
Turn   | Place    | Note
-------+----------+-------------------------------------------
     0 | D:1      | Gwenloh the Kobold Enchanter began the quest for the Orb.
     0 | D:1      | Reached XP level 1. HP: 10/10 MP: 3/3
   276 | D:1      | Reached XP level 2. HP: 15/15 MP: 5/5
   279 | D:1      | Learned a level 2 spell: Ensorcelled Hibernation
   765 | D:2      | Reached XP level 3. HP: 19/19 MP: 6/6
   769 | D:2      | Learned a level 3 spell: Confusing Touch
  1228 | D:2      | Found a shadowy altar of Dithmenos.
  1370 | D:2      | Reached XP level 4. HP: 24/24 MP: 6/8
  1374 | D:2      | Learned a level 3 spell: Tukima's Dance
  1802 | D:3      | Reached XP level 5. HP: 28/28 MP: 9/9
  1831 | D:3      | Found Xosuniz's Assorted Antiques.
  1997 | D:3      | Reached skill level 5 in Stealth
  3153 | D:3      | Reached XP level 6. HP: 30/32 MP: 5/10
  3197 | D:3      | Learned a level 3 spell: Dazzling Flash
  3309 | D:4      | Found a glowing drain.
  3334 | Sewer    | Entered a sewer
  3514 | Sewer    | HP: 1/32 [poisoned by an adder]
  3514 | Sewer    | Slain by an adder

Illustrated notes

Levels and vault maps discovered:
D:1:      saegor_arrival_simple_a, layout_rooms, serial_glass, glass_columns_c,
          glass_columns_b
D:2:      layout_basic, basic_altar, minmay_misc_feat_room
D:3:      layout_rooms, serial_shops, nicolae_shop_overgrown_old_shop,
          glass_columns_a, moated_statue, grunt_ministairs_13
D:4:      layout_loops_ring, minmay_temple_entry_trees,
          cheibrodos_sewer_entry_drain, uniq_ijyb, uniq_eustachio, uniq_edmund
Sewer:    sewer_frog_island_02

Skill      XL: |  1  2  3  4  5 |
---------------+----------------+-----
Dodging        | 3 |  3.9
Hexes          | 4 |  4.7
Spellcasting   | 3 |  3.3
Stealth        | 5 |  5.3
Short Blades   | |  1.3

Action                   |  1- 3 |  4- 6 || total
-------------------------+-------+-------++-------
Melee: Dagger            |    78 |    98 ||   176
 Cast: Ensorcelled Hiber |     2 |    19 ||    21
       Confusing Touch   |     1 |     6 ||     7
       Tukima's Dance    |       |     2 ||     2
       Dazzling Flash    |       |     1 ||     1
  Use: Potion            |       |     1 ||     1
       Scroll            |       |     6 ||     6
 Stab: Sleeping          |    21 |    25 ||    46
       Confused          |     1 |     2 ||     3
Armor: Robe              |     5 |    11 ||    16
Dodge: Dodged            |    50 |    75 ||   125

Table legend: (Time is in decaauts)
 A = Elapsed time spent in this place.
 B = Non-inter-level travel time spent in this place.
 C = Inter-level travel time spent in this place.
 D = Time resting spent in this place.
 E = Time spent auto-exploring this place.
 F = Levels seen in this place.
 G = Mean time per level.
                   A        B        C        D        E       F      G
               +--------+--------+--------+--------+--------+-----+--------+
         Total |   3523 |   3338 |    185 |    914 |   1775 |   5 |  704.6 |
       Dungeon |   3326 |   3141 |    185 |    827 |   1759 |   4 |  831.5 |
         Sewer |    196 |    196 |      0 |     87 |     16 |   1 |  196.0 |
               +--------+--------+--------+--------+--------+-----+--------+

Top non-repeatable levels by time:
     D:3: 1370 daAuts
     D:2: 1135 daAuts
     D:1: 760 daAuts
   Sewer: 196 daAuts
     D:4: 61 daAuts
